[ AOE2 MATCH · #480582131 ]
Team RMPersians vs Spanish
[ REPLAY ANALYSIS · EXTRACTED FROM THE RECORDED GAME ]
Feudal
13:10
Castle
17:11
Imperial
45:36
| APM avg | 22.8 |
| APM peak | 67 |
| eAPM avg | 14.8 |
| Villagers / military | 135 / 66 |
Focus
⚔️ 17.8% · 🌾 82.2%
Knight ×61 · Fishing Ship ×8 · Battering Ram ×4 · Monk ×1
Feudal
13:19
Castle
16:52
Imperial
39:09
| APM avg | 36.4 |
| APM peak | 92 |
| eAPM avg | 15.2 |
| Villagers / military | 124 / 46 |
Focus
⚔️ 23.6% · 🌾 76.4%
Genoese Crossbowman ×42 · Fishing Ship ×7 · Trebuchet (Packed) ×4
Feudal
12:41
Castle
16:15
Imperial
28:46
| APM avg | 29.2 |
| APM peak | 58 |
| eAPM avg | 18.8 |
| Villagers / military | 126 / 78 |
Focus
⚔️ 25.4% · 🌾 74.6%
Spearman ×66 · Unknown (882) ×25 · Trebuchet (Packed) ×7 · Fishing Ship ×6 · Militia ×2 · Mangonel ×2
Feudal
12:48
Castle
17:20
Imperial
40:32
| APM avg | 50.8 |
| APM peak | 88 |
| eAPM avg | 23.2 |
| Villagers / military | 132 / 151 |
Focus
⚔️ 28.1% · 🌾 71.9%
Mangudai ×91 · Scout Cavalry ×46 · Fishing Ship ×22 · Trebuchet (Packed) ×9 · Mangonel ×4 · Monk ×1
Feudal
15:33
Castle
19:23
Imperial
37:21
| APM avg | 41.2 |
| APM peak | 94 |
| eAPM avg | 23.3 |
| Villagers / military | 271 / 54 |
Focus
⚔️ 27.4% · 🌾 72.6%
Unknown (2579) ×179 · Spearman ×50 · Unknown (882) ×11 · Fishing Ship ×7 · Trebuchet (Packed) ×4 · Unknown (2626) ×1
Feudal
13:29
Castle
17:09
Imperial
42:42
| APM avg | 28.5 |
| APM peak | 62 |
| eAPM avg | 15.3 |
| Villagers / military | 99 / 33 |
Focus
⚔️ 26.9% · 🌾 73.1%
Battering Ram ×12 · Fishing Ship ×8 · Skirmisher ×7 · Scout Cavalry ×7 · Monaspa ×6 · Monk ×1
Feudal
14:44
Castle
18:18
Imperial
36:31
| APM avg | 43.6 |
| APM peak | 81 |
| eAPM avg | 19.0 |
| Villagers / military | 159 / 260 |
Focus
⚔️ 38.3% · 🌾 61.7%
Skirmisher ×202 · Conquistador ×53 · Fishing Ship ×6 · Bombard Cannon ×5
Feudal
13:03
Castle
20:14
Imperial
33:28
| APM avg | 40.3 |
| APM peak | 74 |
| eAPM avg | 19.6 |
| Villagers / military | 116 / 238 |
Focus
⚔️ 30.8% · 🌾 69.2%
Elephant Archer ×208 · Galley ×16 · Fishing Ship ×13 · Trebuchet (Packed) ×8 · Fire Galley ×6
Match map
Initial resources + every placement click. Lines = walls · curves = elevation contours. ◆ gold · ⬟ stone · ● berries · ✦ relic · ◌ wall gap
Your base· Open — 8t gap
Hao_Arg's base· Open — unwalled flank
ila's base· Open — unwalled flank
CSA_HW_Mercer's base· Open — 13t gap
Andres_bc81's base· Open — 6t gap
Teejay Gatsby's base· Open — 9t gap
lovelybaby's base· Open — unwalled flank
Vingtor's base· Open — 14t gap
Smoothed initial terrain · ◌ = detected wall gap · hover for details
Inputs per minute
— pNaStY- oG. - - Hao_Arg
Build order — pNaStY- oG.
First 150 of 316 actions detected
| 0:03 | Build | Town Center |
| 0:54 | Build | Dock |
| 2:27 | Create | Villager (Male) ×5 |
| 2:28 | Research | Loom |
| 2:30 | Create | Fishing Ship |
| 3:32 | Build | Palisade Wall |
| 4:05 | Create | Fishing Ship |
| 4:05 | Create | Fishing Ship |
| 4:14 | Build | House |
| 4:40 | Create | Villager (Male) |
| 5:15 | Create | Villager (Male) |
| 5:15 | Create | Villager (Male) |
| 5:20 | Create | Fishing Ship |
| 5:51 | Create | Villager (Male) |
| 6:18 | Create | Villager (Male) |
| 6:18 | Create | Villager (Male) |
| 6:46 | Create | Fishing Ship |
| 6:46 | Create | Fishing Ship |
| 6:59 | Build | House |
| 7:02 | Create | Villager (Male) |
| 7:02 | Create | Villager (Male) |
| 7:22 | Build | House |
| 7:31 | Create | Villager (Male) |
| 7:32 | Create | Villager (Male) |
| 8:25 | Create | Villager (Male) |
| 8:25 | Create | Villager (Male) |
| 8:28 | Create | Fishing Ship |
| 8:28 | Create | Fishing Ship |
| 9:10 | Build | House |
| 9:25 | Create | Villager (Male) |
| 9:25 | Create | Villager (Male) |
| 9:41 | Build | House |
| 9:43 | Build | House |
| 9:45 | Build | Palisade Wall |
| 9:46 | Build | Palisade Wall |
| 9:46 | Build | Palisade Wall |
| 9:47 | Build | Palisade Wall |
| 9:52 | Create | Villager (Male) |
| 9:52 | Create | Villager (Male) |
| 10:07 | Build | Mining Camp |
| 11:06 | Research | Feudal Age |
| 11:06 | Research | Feudal Age |
| 11:42 | Build | Palisade Wall |
| 12:00 | Build | Lumber Camp |
| 12:22 | Build | Palisade Wall |
| 13:10 | Age | Feudal Age |
| 13:25 | Build | Mill |
| 13:32 | Build | Blacksmith |
| 13:34 | Create | Villager (Male) |
| 13:34 | Create | Villager (Male) |
| 13:34 | Create | Villager (Male) |
| 13:56 | Build | Market |
| 14:00 | Build | Palisade Wall |
| 14:05 | Build | Mining Camp |
| 14:46 | Research | Castle Age |
| 15:03 | Build | House |
| 15:04 | Build | House |
| 15:08 | Build | Palisade Wall |
| 15:23 | Research | Stone Mining |
| 15:23 | Research | Stone Mining |
| 17:11 | Age | Castle Age |
| 17:42 | Build | Castle |
| 17:48 | Research | Town Watch |
| 17:49 | Create | Villager (Male) |
| 17:49 | Create | Villager (Male) |
| 17:49 | Create | Villager (Male) |
| 17:50 | Create | Villager (Male) |
| 17:56 | Build | Lumber Camp |
| 18:00 | Research | Double-Bit Axe |
| 19:20 | Research | Horse Collar |
| 19:40 | Create | Villager (Male) |
| 19:40 | Create | Villager (Male) |
| 20:05 | Build | Town Center |
| 20:16 | Create | Villager (Male) |
| 20:34 | Research | Bow Saw |
| 21:17 | Build | Farm |
| 21:18 | Build | Farm |
| 21:19 | Build | Farm |
| 21:19 | Build | Farm |
| 21:22 | Build | Farm |
| 21:26 | Create | Villager (Male) |
| 21:27 | Create | Villager (Male) |
| 21:27 | Create | Villager (Male) |
| 22:03 | Build | Farm |
| 22:04 | Build | Farm |
| 22:45 | Build | Siege Workshop |
| 22:47 | Create | Villager (Male) |
| 22:47 | Create | Villager (Male) |
| 23:00 | Build | Barracks |
| 23:12 | Create | Villager (Male) |
| 23:12 | Create | Villager (Male) |
| 23:33 | Build | Farm |
| 23:51 | Build | Town Center |
| 24:03 | Create | Battering Ram |
| 24:13 | Build | Farm |
| 24:23 | Create | Villager (Male) |
| 24:23 | Create | Villager (Male) |
| 24:24 | Create | Villager (Male) |
| 24:58 | Research | Fletching |
| 25:04 | Build | Stable |
| 25:13 | Create | Battering Ram |
| 26:05 | Research | Bodkin Arrow |
| 26:21 | Create | Knight |
| 26:21 | Create | Knight |
| 26:22 | Create | Knight |
| 26:44 | Build | Town Center |
| 27:33 | Create | Battering Ram |
| 28:18 | Create | Battering Ram |
| 28:24 | Create | Villager (Male) ×5 |
| 28:24 | Create | Villager (Male) ×4 |
| 28:24 | Create | Villager (Male) ×4 |
| 29:18 | Research | Gold Mining |
| 30:58 | Build | Town Center |
| 31:44 | Build | Town Center |
| 33:56 | Build | House |
| 33:58 | Build | House |
| 33:58 | Build | House |
| 33:59 | Build | House |
| 34:00 | Build | House |
| 34:09 | Build | Market |
| 34:16 | Research | Wheelbarrow |
| 34:45 | Build | Town Center |
| 34:48 | Create | Villager (Male) |
| 34:48 | Create | Villager (Male) |
| 34:48 | Create | Villager (Male) |
| 34:48 | Create | Villager (Male) |
| 34:49 | Create | Villager (Male) |
| 34:49 | Create | Villager (Male) |
| 34:49 | Create | Villager (Male) |
| 35:33 | Build | Mill |
| 35:40 | Build | House |
| 35:41 | Build | House |
| 35:42 | Build | House |
| 35:43 | Build | House |
| 35:44 | Build | House |
| 35:51 | Research | Heavy Plow |
| 36:00 | Build | Town Center |
| 36:12 | Research | Hand Cart |
| 36:52 | Build | Monastery |
| 37:15 | Create | Villager (Male) ×5 |
| 37:15 | Create | Villager (Male) ×5 |
| 37:46 | Build | Farm |
| 37:47 | Build | Farm |
| 37:47 | Build | Farm |
| 37:47 | Build | Farm |
| 37:49 | Build | Farm |
| 37:54 | Build | Farm |
| 37:55 | Build | Farm |
| 37:59 | Create | Monk |
| 38:02 | Build | House |
Build order — Hao_Arg
First 150 of 262 actions detected
| 0:28 | Build | Town Center |
| 2:09 | Build | Dock |
| 2:13 | Build | House |
| 2:48 | Create | Villager (Male) |
| 2:48 | Create | Villager (Male) |
| 2:49 | Create | Villager (Male) |
| 2:50 | Create | Villager (Male) |
| 2:50 | Create | Villager (Male) |
| 3:48 | Create | Fishing Ship |
| 3:48 | Create | Fishing Ship |
| 4:05 | Build | House |
| 4:21 | Research | Loom |
| 4:28 | Create | Villager (Male) |
| 4:29 | Create | Villager (Male) |
| 5:09 | Create | Villager (Male) |
| 5:09 | Create | Villager (Male) |
| 5:37 | Create | Villager (Male) |
| 5:37 | Create | Villager (Male) |
| 5:40 | Create | Fishing Ship |
| 5:40 | Create | Fishing Ship |
| 5:56 | Create | Villager (Male) |
| 5:57 | Create | Villager (Male) |
| 6:13 | Build | House |
| 6:23 | Create | Villager (Male) |
| 6:23 | Create | Villager (Male) |
| 6:44 | Create | Fishing Ship |
| 6:44 | Create | Fishing Ship |
| 6:51 | Create | Villager (Male) |
| 6:51 | Create | Villager (Male) |
| 7:12 | Create | Villager (Male) |
| 7:13 | Create | Villager (Male) |
| 7:18 | Create | Fishing Ship |
| 7:26 | Build | House |
| 7:33 | Create | Villager (Male) |
| 7:33 | Create | Villager (Male) |
| 8:00 | Create | Villager (Male) |
| 8:01 | Create | Villager (Male) |
| 8:23 | Create | Villager (Male) |
| 8:23 | Create | Villager (Male) |
| 8:29 | Build | House |
| 8:42 | Create | Villager (Male) |
| 8:42 | Create | Villager (Male) |
| 9:05 | Create | Villager (Male) |
| 9:05 | Create | Villager (Male) |
| 9:08 | Build | Mill |
| 9:33 | Create | Villager (Male) |
| 9:34 | Create | Villager (Male) |
| 10:18 | Create | Villager (Male) |
| 10:22 | Build | Mining Camp |
| 10:53 | Build | Lumber Camp |
| 10:56 | Research | Feudal Age |
| 10:56 | Research | Feudal Age |
| 11:22 | Build | House |
| 12:22 | Create | Villager (Male) |
| 13:03 | Create | Villager (Male) |
| 13:19 | Age | Feudal Age |
| 13:21 | Build | Market |
| 13:27 | Build | Blacksmith |
| 13:37 | Build | Mining Camp |
| 14:12 | Research | Castle Age |
| 14:12 | Research | Castle Age |
| 14:30 | Build | Palisade Wall |
| 14:35 | Build | House |
| 14:39 | Research | Double-Bit Axe |
| 14:42 | Research | Gold Mining |
| 14:42 | Research | Gold Mining |
| 15:27 | Build | Mining Camp |
| 16:50 | Create | Villager (Male) |
| 16:50 | Create | Villager (Male) |
| 16:52 | Age | Castle Age |
| 17:17 | Build | Castle |
| 17:29 | Create | Villager (Male) |
| 17:46 | Research | Fletching |
| 17:53 | Create | Villager (Male) |
| 18:16 | Build | Mining Camp |
| 18:25 | Create | Genoese Crossbowman |
| 18:25 | Create | Genoese Crossbowman |
| 18:40 | Create | Genoese Crossbowman |
| 18:41 | Create | Genoese Crossbowman |
| 18:47 | Create | Villager (Male) |
| 18:47 | Create | Villager (Male) |
| 18:55 | Create | Genoese Crossbowman |
| 18:58 | Create | Villager (Male) |
| 19:05 | Create | Villager (Male) |
| 19:20 | Create | Genoese Crossbowman |
| 19:20 | Create | Genoese Crossbowman |
| 19:37 | Create | Genoese Crossbowman |
| 19:57 | Create | Villager (Male) |
| 19:59 | Create | Genoese Crossbowman |
| 20:38 | Create | Genoese Crossbowman |
| 20:38 | Create | Genoese Crossbowman |
| 20:39 | Research | Bodkin Arrow |
| 20:40 | Research | Bodkin Arrow |
| 20:40 | Create | Villager (Male) |
| 20:41 | Create | Villager (Male) |
| 20:48 | Create | Villager (Male) |
| 20:56 | Create | Genoese Crossbowman |
| 21:15 | Build | Mill |
| 21:20 | Create | Genoese Crossbowman |
| 21:21 | Create | Genoese Crossbowman |
| 21:29 | Create | Villager (Male) |
| 21:30 | Create | Villager (Male) |
| 21:44 | Create | Villager (Male) |
| 21:51 | Build | House |
| 21:52 | Build | House |
| 22:15 | Create | Genoese Crossbowman |
| 22:16 | Create | Genoese Crossbowman |
| 22:17 | Create | Villager (Male) |
| 22:33 | Build | Farm |
| 22:34 | Build | Farm |
| 22:34 | Build | Farm |
| 22:58 | Create | Genoese Crossbowman |
| 22:58 | Create | Genoese Crossbowman |
| 23:04 | Create | Villager (Male) |
| 23:05 | Create | Villager (Male) |
| 23:26 | Create | Villager (Male) |
| 23:26 | Create | Villager (Male) |
| 23:35 | Create | Genoese Crossbowman |
| 23:35 | Create | Genoese Crossbowman |
| 24:03 | Create | Villager (Male) |
| 24:03 | Create | Villager (Male) |
| 24:05 | Build | Mining Camp |
| 24:29 | Create | Genoese Crossbowman |
| 24:30 | Create | Genoese Crossbowman |
| 24:31 | Create | Villager (Male) |
| 24:31 | Create | Villager (Male) |
| 24:31 | Create | Villager (Male) |
| 24:49 | Create | Genoese Crossbowman |
| 24:50 | Create | Genoese Crossbowman |
| 24:50 | Create | Genoese Crossbowman |
| 25:11 | Build | Farm |
| 25:39 | Create | Genoese Crossbowman |
| 25:39 | Create | Genoese Crossbowman |
| 25:56 | Create | Villager (Male) |
| 25:57 | Create | Villager (Male) |
| 26:00 | Build | Farm |
| 26:25 | Create | Villager (Male) |
| 26:25 | Create | Villager (Male) |
| 26:37 | Create | Genoese Crossbowman |
| 26:38 | Create | Genoese Crossbowman |
| 26:38 | Create | Genoese Crossbowman |
| 26:49 | Create | Villager (Male) |
| 26:50 | Create | Villager (Male) |
| 27:06 | Build | Castle |
| 27:14 | Create | Villager (Male) |
| 27:15 | Create | Villager (Male) |
| 27:22 | Build | Farm |
| 27:40 | Create | Genoese Crossbowman |
| 27:41 | Create | Villager (Male) |
| 27:42 | Create | Villager (Male) |
Build order — ila
First 150 of 332 actions detected
| 0:31 | Build | Town Center |
| 0:42 | Build | Dock |
| 0:44 | Build | House |
| 2:53 | Create | Villager (Male) |
| 2:53 | Create | Villager (Male) |
| 2:54 | Create | Villager (Male) |
| 2:54 | Create | Villager (Male) |
| 2:56 | Create | Villager (Male) |
| 2:57 | Create | Fishing Ship |
| 3:41 | Research | Loom |
| 3:46 | Create | Villager (Male) |
| 3:49 | Create | Villager (Male) |
| 3:49 | Create | Villager (Male) |
| 3:49 | Create | Villager (Male) |
| 4:09 | Build | House |
| 4:41 | Create | Fishing Ship |
| 4:41 | Create | Fishing Ship |
| 5:07 | Create | Villager (Male) |
| 5:40 | Create | Fishing Ship |
| 5:54 | Create | Villager (Male) |
| 5:54 | Create | Villager (Male) |
| 6:30 | Create | Villager (Male) |
| 6:31 | Create | Villager (Male) |
| 6:34 | Build | House |
| 7:06 | Create | Villager (Male) |
| 7:24 | Create | Fishing Ship |
| 7:28 | Build | House |
| 7:37 | Create | Villager (Male) |
| 7:38 | Create | Villager (Male) |
| 7:43 | Create | Villager (Male) |
| 7:57 | Build | House |
| 8:21 | Create | Villager (Male) |
| 8:21 | Create | Villager (Male) |
| 8:26 | Create | Fishing Ship |
| 8:54 | Create | Villager (Male) |
| 9:34 | Create | Villager (Male) |
| 9:41 | Build | Mill |
| 9:53 | Create | Villager (Male) |
| 10:37 | Research | Feudal Age |
| 11:39 | Create | Villager (Male) |
| 11:39 | Create | Villager (Male) |
| 12:41 | Age | Feudal Age |
| 12:46 | Build | Blacksmith |
| 12:51 | Build | Market |
| 13:26 | Build | House |
| 13:36 | Build | House |
| 13:49 | Research | Castle Age |
| 14:03 | Build | Mining Camp |
| 14:10 | Build | House |
| 14:10 | Build | House |
| 15:05 | Build | Stone Wall |
| 15:14 | Build | Outpost |
| 15:19 | Research | Town Watch |
| 15:20 | Create | Villager (Male) |
| 16:15 | Age | Castle Age |
| 16:42 | Build | Castle |
| 17:07 | Create | Villager (Male) |
| 17:49 | Create | Villager (Male) |
| 18:04 | Create | Villager (Male) |
| 18:14 | Build | Siege Workshop |
| 18:41 | Create | Villager (Male) |
| 18:48 | Create | Villager (Male) |
| 19:10 | Create | Villager (Male) |
| 19:34 | Create | Villager (Male) |
| 19:45 | Create | Mangonel |
| 19:51 | Create | Villager (Male) |
| 19:52 | Create | Villager (Male) |
| 20:11 | Build | Outpost |
| 20:18 | Create | Villager (Male) |
| 20:19 | Create | Villager (Male) |
| 20:38 | Build | Lumber Camp |
| 20:47 | Create | Villager (Male) |
| 21:19 | Build | Mill |
| 21:32 | Research | Double-Bit Axe |
| 21:32 | Research | Double-Bit Axe |
| 21:40 | Create | Villager (Male) |
| 22:02 | Research | Bow Saw |
| 22:22 | Create | Villager (Male) |
| 22:22 | Create | Villager (Male) |
| 22:33 | Build | Outpost |
| 22:45 | Build | Lumber Camp |
| 22:49 | Create | Villager (Male) |
| 22:49 | Create | Villager (Male) |
| 23:09 | Create | Battering Ram |
| 23:17 | Create | Villager (Male) |
| 23:29 | Build | Farm |
| 23:29 | Build | Farm |
| 23:32 | Build | Farm |
| 23:33 | Build | Farm |
| 23:33 | Build | Farm |
| 23:34 | Build | Farm |
| 24:06 | Build | Farm |
| 24:12 | Build | Farm |
| 24:40 | Create | Villager (Male) |
| 26:01 | Research | Imperial Age |
| 26:01 | Research | Imperial Age |
| 26:06 | Create | Villager (Male) |
| 26:11 | Research | Fletching |
| 26:38 | Research | Gold Mining |
| 26:49 | Research | Horse Collar |
| 27:04 | Create | Villager (Male) |
| 27:42 | Research | Stone Mining |
| 28:09 | Build | Barracks |
| 28:13 | Research | Bodkin Arrow |
| 28:15 | Create | Villager (Male) |
| 28:36 | Create | Spearman |
| 28:36 | Create | Spearman |
| 28:36 | Create | Spearman |
| 28:43 | Research | Scale Mail Armor |
| 28:43 | Research | Scale Mail Armor |
| 28:46 | Age | Imperial Age |
| 28:49 | Create | Trebuchet (Packed) |
| 28:49 | Create | Trebuchet (Packed) |
| 29:00 | Create | Spearman |
| 29:13 | Build | Farm |
| 29:14 | Build | Farm |
| 29:16 | Build | Farm |
| 29:23 | Build | House |
| 29:32 | Create | Spearman |
| 29:59 | Create | Mangonel |
| 30:00 | Create | Spearman |
| 30:00 | Create | Spearman |
| 30:08 | Create | Villager (Male) |
| 30:25 | Create | Trebuchet (Packed) |
| 31:08 | Create | Trebuchet (Packed) |
| 31:08 | Create | Trebuchet (Packed) |
| 31:28 | Research | Chain Mail Armor |
| 31:32 | Create | Spearman |
| 31:32 | Create | Spearman |
| 31:39 | Create | Villager (Male) |
| 31:47 | Create | Spearman |
| 32:02 | Create | Trebuchet (Packed) |
| 32:09 | Create | Villager (Male) |
| 32:33 | Create | Villager (Male) |
| 32:33 | Create | Villager (Male) |
| 32:45 | Build | Town Center |
| 33:07 | Create | Villager (Male) |
| 33:07 | Create | Villager (Male) |
| 33:08 | Create | Villager (Male) |
| 33:14 | Create | Spearman |
| 33:14 | Create | Spearman |
| 33:24 | Build | Farm |
| 33:25 | Build | Farm |
| 33:27 | Build | Farm |
| 33:29 | Build | Farm |
| 33:33 | Create | Villager (Male) |
| 33:40 | Create | Villager (Male) |
| 33:41 | Create | Villager (Male) |
| 33:50 | Create | Villager (Male) |
| 33:58 | Create | Trebuchet (Packed) |
Build order — CSA_HW_Mercer
First 150 of 449 actions detected
| 0:28 | Build | Town Center |
| 0:50 | Build | Dock |
| 1:28 | Build | Palisade Wall |
| 1:29 | Build | Palisade Wall |
| 2:43 | Create | Villager (Male) |
| 2:43 | Create | Villager (Male) |
| 2:44 | Create | Villager (Male) |
| 2:44 | Create | Villager (Male) |
| 3:27 | Create | Fishing Ship |
| 3:27 | Create | Fishing Ship |
| 3:36 | Create | Villager (Male) |
| 4:32 | Create | Villager (Male) |
| 4:32 | Create | Villager (Male) |
| 4:45 | Build | House |
| 5:06 | Create | Villager (Male) |
| 5:06 | Create | Villager (Male) |
| 5:31 | Create | Fishing Ship |
| 5:31 | Create | Fishing Ship |
| 5:53 | Research | Loom |
| 6:01 | Build | House |
| 6:09 | Create | Villager (Male) |
| 6:09 | Create | Villager (Male) |
| 7:04 | Create | Villager (Male) |
| 7:07 | Create | Fishing Ship |
| 7:08 | Create | Fishing Ship |
| 7:15 | Create | Fishing Ship |
| 7:34 | Create | Villager (Male) |
| 7:34 | Create | Villager (Male) |
| 7:46 | Build | House |
| 7:49 | Create | Villager (Male) |
| 7:49 | Create | Villager (Male) |
| 8:19 | Create | Fishing Ship |
| 8:54 | Create | Villager (Male) |
| 8:54 | Create | Villager (Male) |
| 9:02 | Build | Mill |
| 9:08 | Create | Villager (Male) |
| 9:17 | Build | House |
| 9:20 | Create | Villager (Male) |
| 9:20 | Create | Villager (Male) |
| 10:00 | Create | Villager (Male) |
| 10:24 | Research | Feudal Age |
| 10:45 | Build | Mining Camp |
| 11:16 | Create | Villager (Male) |
| 11:33 | Create | Villager (Male) |
| 11:45 | Build | House |
| 12:38 | Build | Dock |
| 12:42 | Create | Fishing Ship |
| 12:48 | Age | Feudal Age |
| 13:00 | Build | Market |
| 13:25 | Create | Villager (Male) |
| 13:34 | Build | House |
| 13:49 | Create | Fishing Ship |
| 14:02 | Build | Blacksmith |
| 14:15 | Create | Villager (Male) |
| 14:37 | Research | Castle Age |
| 14:50 | Build | Mining Camp |
| 15:00 | Build | Lumber Camp |
| 15:27 | Research | Stone Mining |
| 15:31 | Create | Villager (Male) |
| 15:38 | Research | Double-Bit Axe |
| 15:51 | Create | Villager (Male) |
| 16:05 | Create | Fishing Ship |
| 16:43 | Research | Gold Mining |
| 16:46 | Research | Fletching |
| 16:57 | Create | Villager (Male) |
| 17:11 | Create | Fishing Ship |
| 17:20 | Age | Castle Age |
| 17:30 | Create | Villager (Male) |
| 17:35 | Research | Bodkin Arrow |
| 17:37 | Create | Villager (Male) |
| 17:49 | Create | Fishing Ship |
| 17:53 | Create | Fishing Ship |
| 18:23 | Build | Castle |
| 18:58 | Build | Town Center |
| 19:06 | Create | Villager (Male) |
| 19:10 | Research | Bow Saw |
| 19:24 | Create | Villager (Male) |
| 19:30 | Create | Mangudai |
| 19:31 | Create | Mangudai |
| 19:41 | Create | Villager (Male) |
| 19:52 | Create | Mangudai |
| 19:52 | Create | Mangudai |
| 20:05 | Create | Villager (Male) |
| 20:14 | Create | Mangudai |
| 20:14 | Create | Mangudai |
| 20:34 | Create | Mangudai |
| 20:34 | Create | Mangudai |
| 20:40 | Research | Padded Archer Armor |
| 20:44 | Create | Villager (Male) |
| 20:52 | Create | Villager (Male) |
| 20:52 | Create | Villager (Male) |
| 21:27 | Research | Town Watch |
| 21:28 | Create | Villager (Male) |
| 21:28 | Create | Villager (Male) |
| 21:30 | Build | House |
| 21:31 | Build | House |
| 21:34 | Create | Villager (Male) |
| 21:39 | Create | Mangudai |
| 21:39 | Create | Mangudai |
| 22:05 | Create | Mangudai |
| 22:05 | Create | Mangudai |
| 22:09 | Research | Wheelbarrow |
| 22:09 | Create | Villager (Male) |
| 22:09 | Create | Villager (Male) |
| 22:29 | Create | Mangudai |
| 22:29 | Create | Mangudai |
| 22:31 | Build | House |
| 22:41 | Create | Mangudai |
| 23:14 | Create | Mangudai |
| 23:14 | Create | Mangudai |
| 23:37 | Create | Villager (Male) |
| 23:43 | Build | House |
| 23:45 | Create | Villager (Male) |
| 24:11 | Create | Villager (Male) |
| 24:12 | Create | Villager (Male) |
| 24:14 | Build | Lumber Camp |
| 24:20 | Build | Town Center |
| 24:32 | Create | Mangudai |
| 24:32 | Create | Mangudai |
| 24:38 | Build | Dock |
| 24:49 | Create | Mangudai |
| 24:49 | Create | Mangudai |
| 24:54 | Build | Barracks |
| 24:56 | Create | Villager (Male) |
| 24:56 | Create | Villager (Male) |
| 25:03 | Create | Villager (Male) |
| 25:04 | Create | Villager (Male) |
| 25:38 | Create | Mangudai |
| 25:38 | Create | Mangudai |
| 25:42 | Build | Mill |
| 25:50 | Build | Mill |
| 25:57 | Build | Stable |
| 25:58 | Create | Villager (Male) |
| 25:59 | Create | Villager (Male) |
| 26:00 | Create | Villager (Male) |
| 26:19 | Build | Town Center |
| 27:10 | Create | Fishing Ship |
| 27:12 | Build | House |
| 27:18 | Create | Mangudai |
| 27:18 | Create | Mangudai |
| 27:21 | Research | Leather Archer Armor |
| 27:21 | Research | Leather Archer Armor |
| 27:39 | Create | Villager (Male) |
| 27:49 | Research | Bloodlines |
| 27:50 | Research | Bloodlines |
| 27:52 | Build | Archery Range |
| 27:52 | Create | Villager (Male) |
| 27:54 | Create | Villager (Male) |
| 27:54 | Create | Villager (Male) |
| 27:56 | Create | Villager (Male) |
Build order — Andres_bc81
First 150 of 515 actions detected
| 1:15 | Build | Town Center |
| 2:03 | Build | House |
| 3:07 | Build | Dock |
| 3:48 | Create | Villager (Male) |
| 3:48 | Create | Villager (Male) |
| 3:48 | Create | Villager (Male) |
| 3:48 | Create | Villager (Male) |
| 3:48 | Create | Villager (Male) |
| 4:30 | Create | Fishing Ship |
| 4:31 | Create | Fishing Ship |
| 5:01 | Create | Villager (Male) |
| 5:01 | Create | Villager (Male) |
| 5:01 | Create | Villager (Male) |
| 5:01 | Create | Villager (Male) |
| 5:01 | Create | Villager (Male) |
| 5:16 | Research | Loom |
| 5:25 | Create | Villager (Male) |
| 5:25 | Create | Villager (Male) |
| 5:25 | Create | Villager (Male) |
| 5:25 | Create | Villager (Male) |
| 5:25 | Create | Villager (Male) |
| 5:41 | Build | House |
| 5:50 | Create | Villager (Male) |
| 5:50 | Create | Villager (Male) |
| 5:50 | Create | Villager (Male) |
| 5:50 | Create | Villager (Male) |
| 5:55 | Research | Loom |
| 6:23 | Create | Villager (Male) |
| 6:23 | Create | Villager (Male) |
| 6:23 | Create | Villager (Male) |
| 6:23 | Create | Villager (Male) |
| 6:23 | Create | Villager (Male) |
| 6:43 | Create | Villager (Male) |
| 6:43 | Create | Villager (Male) |
| 6:43 | Create | Villager (Male) |
| 6:43 | Create | Villager (Male) |
| 6:53 | Build | House |
| 7:06 | Create | Villager (Male) |
| 7:06 | Create | Villager (Male) |
| 7:06 | Create | Villager (Male) |
| 7:26 | Create | Villager (Male) |
| 7:26 | Create | Villager (Male) |
| 7:26 | Create | Villager (Male) |
| 7:26 | Create | Villager (Male) |
| 7:26 | Create | Villager (Male) |
| 7:31 | Create | Fishing Ship |
| 7:31 | Create | Fishing Ship |
| 7:49 | Create | Villager (Male) |
| 7:49 | Create | Villager (Male) |
| 7:49 | Create | Villager (Male) |
| 7:49 | Create | Villager (Male) |
| 8:09 | Build | House |
| 8:12 | Create | Villager (Male) |
| 8:12 | Create | Villager (Male) |
| 8:12 | Create | Villager (Male) |
| 8:12 | Create | Villager (Male) |
| 8:12 | Create | Villager (Male) |
| 8:15 | Create | Villager (Male) |
| 8:15 | Create | Villager (Male) |
| 8:42 | Create | Villager (Male) |
| 8:42 | Create | Villager (Male) |
| 8:42 | Create | Villager (Male) |
| 8:42 | Create | Villager (Male) |
| 8:50 | Create | Villager (Male) |
| 8:50 | Create | Villager (Male) |
| 8:50 | Create | Villager (Male) |
| 8:57 | Create | Villager (Male) |
| 8:57 | Create | Villager (Male) |
| 8:57 | Create | Villager (Male) |
| 9:33 | Create | Villager (Male) |
| 9:33 | Create | Villager (Male) |
| 9:37 | Create | Fishing Ship |
| 9:49 | Build | Settlement |
| 10:02 | Create | Villager (Male) |
| 10:02 | Create | Villager (Male) |
| 10:41 | Build | Settlement |
| 10:46 | Create | Villager (Male) |
| 10:46 | Create | Villager (Male) |
| 10:46 | Create | Villager (Male) |
| 11:16 | Create | Villager (Male) |
| 11:16 | Create | Villager (Male) |
| 12:24 | Build | Settlement |
| 12:37 | Research | Loom |
| 13:10 | Research | Feudal Age |
| 13:19 | Create | Villager (Male) |
| 13:19 | Create | Villager (Male) |
| 13:26 | Create | Villager (Male) |
| 13:26 | Create | Villager (Male) |
| 13:30 | Create | Villager (Male) |
| 13:30 | Create | Villager (Male) |
| 14:03 | Build | Settlement |
| 15:33 | Age | Feudal Age |
| 15:42 | Build | Market |
| 15:51 | Build | Blacksmith |
| 16:43 | Research | Castle Age |
| 17:19 | Research | Double-Bit Axe |
| 17:40 | Build | Settlement |
| 17:52 | Research | Fletching |
| 17:58 | Create | Villager (Male) |
| 17:58 | Create | Villager (Male) |
| 17:58 | Create | Villager (Male) |
| 18:26 | Research | Horse Collar |
| 18:37 | Create | Unit 2626 |
| 19:23 | Age | Castle Age |
| 19:29 | Build | Castle |
| 19:32 | Create | Villager (Male) |
| 19:32 | Create | Villager (Male) |
| 19:56 | Build | Town Center |
| 20:01 | Create | Villager (Male) |
| 20:01 | Create | Villager (Male) |
| 20:01 | Create | Villager (Male) |
| 20:01 | Create | Villager (Male) |
| 20:10 | Create | Villager (Male) |
| 20:10 | Create | Villager (Male) |
| 20:10 | Create | Villager (Male) |
| 20:50 | Create | Unit 2579 |
| 20:50 | Create | Unit 2579 |
| 20:51 | Create | Unit 2579 |
| 20:57 | Create | Villager (Male) |
| 20:57 | Create | Villager (Male) |
| 20:57 | Create | Villager (Male) |
| 21:06 | Create | Unit 2579 |
| 21:20 | Create | Fishing Ship |
| 21:20 | Create | Fishing Ship |
| 21:30 | Create | Villager (Male) |
| 21:30 | Create | Villager (Male) |
| 21:47 | Create | Unit 2579 |
| 21:48 | Create | Unit 2579 |
| 21:48 | Create | Unit 2579 |
| 21:53 | Create | Villager (Male) |
| 21:53 | Create | Villager (Male) |
| 21:53 | Create | Villager (Male) |
| 21:53 | Create | Villager (Male) |
| 21:56 | Create | Villager (Male) |
| 21:56 | Create | Villager (Male) |
| 21:56 | Create | Villager (Male) |
| 21:56 | Create | Villager (Male) |
| 21:58 | Create | Villager (Male) |
| 22:04 | Create | Villager (Male) |
| 22:04 | Create | Villager (Male) |
| 22:04 | Create | Villager (Male) |
| 22:04 | Create | Villager (Male) |
| 22:08 | Create | Villager (Male) |
| 22:08 | Create | Villager (Male) |
| 22:08 | Create | Villager (Male) |
| 22:36 | Create | Villager (Male) |
| 22:36 | Create | Villager (Male) |
| 22:48 | Build | House |
| 22:49 | Build | House |
| 22:50 | Create | Villager (Male) |
Build order — Teejay Gatsby
First 150 of 300 actions detected
| 0:11 | Build | Town Center |
| 0:58 | Build | Dock |
| 2:30 | Create | Villager (Male) ×4 |
| 3:08 | Create | Fishing Ship |
| 3:36 | Create | Villager (Male) |
| 4:18 | Create | Fishing Ship |
| 4:20 | Build | House |
| 4:36 | Research | Loom |
| 4:53 | Create | Villager (Male) |
| 5:17 | Create | Villager (Male) |
| 5:18 | Create | Villager (Male) |
| 5:35 | Create | Fishing Ship |
| 5:53 | Create | Villager (Male) |
| 6:00 | Create | Villager (Male) |
| 6:04 | Build | House |
| 6:26 | Create | Fishing Ship |
| 6:38 | Create | Villager (Male) |
| 6:57 | Create | Fishing Ship |
| 7:04 | Create | Villager (Male) |
| 7:16 | Create | Villager (Male) |
| 7:23 | Build | House |
| 7:33 | Create | Fishing Ship |
| 7:46 | Create | Villager (Male) |
| 8:03 | Create | Villager (Male) |
| 8:09 | Create | Fishing Ship |
| 8:32 | Create | Villager (Male) |
| 8:32 | Create | Villager (Male) |
| 8:34 | Create | Fishing Ship |
| 9:06 | Build | Mill |
| 9:07 | Create | Villager (Male) |
| 9:13 | Create | Villager (Male) |
| 9:14 | Create | Villager (Male) |
| 9:15 | Create | Villager (Male) |
| 9:20 | Build | House |
| 10:16 | Build | House |
| 10:23 | Create | Villager (Male) |
| 10:47 | Create | Villager (Male) |
| 11:09 | Research | Feudal Age |
| 11:37 | Build | Mule Cart |
| 13:04 | Create | Villager (Male) |
| 13:05 | Create | Villager (Male) |
| 13:29 | Age | Feudal Age |
| 13:31 | Research | Double-Bit Axe |
| 13:39 | Build | Market |
| 13:41 | Build | Blacksmith |
| 14:29 | Research | Castle Age |
| 14:39 | Research | Double-Bit Axe |
| 16:09 | Build | Outpost |
| 16:37 | Build | Outpost |
| 16:52 | Create | Villager (Male) |
| 16:52 | Create | Villager (Male) |
| 17:06 | Build | House |
| 17:09 | Age | Castle Age |
| 17:25 | Build | Castle |
| 17:43 | Build | House |
| 17:46 | Create | Villager (Male) |
| 17:46 | Create | Villager (Male) |
| 17:56 | Research | Stone Mining |
| 17:58 | Create | Villager (Male) |
| 18:08 | Build | Stone Wall |
| 18:34 | Research | Svan Towers |
| 18:38 | Create | Villager (Male) |
| 18:39 | Create | Villager (Male) |
| 18:43 | Build | University |
| 19:03 | Build | Watch Tower |
| 19:15 | Create | Monaspa |
| 19:49 | Create | Villager (Male) |
| 19:49 | Create | Villager (Male) |
| 19:57 | Build | Stone Wall |
| 19:58 | Build | Stone Wall |
| 19:58 | Build | Stone Wall |
| 19:59 | Build | Stone Wall |
| 19:59 | Build | Stone Wall |
| 20:00 | Build | Stone Wall |
| 20:01 | Build | Stone Wall |
| 20:01 | Build | Stone Wall |
| 20:02 | Build | Stone Wall |
| 20:15 | Build | Palisade Wall |
| 20:16 | Build | Palisade Wall |
| 20:17 | Build | Palisade Wall |
| 20:18 | Build | Palisade Wall |
| 20:19 | Create | Villager (Male) |
| 20:45 | Build | Watch Tower |
| 20:48 | Build | Watch Tower |
| 21:03 | Research | Fletching |
| 21:24 | Build | Watch Tower |
| 21:53 | Research | Ballistics |
| 22:25 | Build | Watch Tower |
| 22:31 | Build | Watch Tower |
| 22:33 | Create | Villager (Male) |
| 22:33 | Create | Villager (Male) |
| 22:34 | Create | Villager (Male) |
| 22:41 | Create | Monaspa |
| 23:03 | Create | Villager (Male) |
| 23:28 | Build | Stone Wall |
| 23:30 | Build | Stone Wall |
| 23:33 | Build | Stone Wall |
| 23:40 | Build | Watch Tower |
| 23:47 | Create | Villager (Male) |
| 24:35 | Create | Villager (Male) |
| 24:56 | Create | Villager (Male) |
| 25:08 | Build | Monastery |
| 25:48 | Build | Siege Workshop |
| 25:54 | Create | Monk |
| 25:57 | Build | Watch Tower |
| 26:04 | Build | Farm |
| 26:34 | Create | Villager (Male) |
| 26:45 | Create | Battering Ram |
| 26:45 | Create | Battering Ram |
| 26:52 | Create | Villager (Male) |
| 26:57 | Build | Farm |
| 26:57 | Build | Farm |
| 26:58 | Build | Farm |
| 26:58 | Build | Farm |
| 27:04 | Build | Watch Tower |
| 27:21 | Build | Watch Tower |
| 27:51 | Build | Mule Cart |
| 27:55 | Build | Watch Tower |
| 28:02 | Create | Villager (Male) |
| 28:03 | Create | Villager (Male) |
| 28:34 | Research | Guard Tower (upgrade) |
| 28:48 | Build | Watch Tower |
| 29:10 | Create | Villager (Male) |
| 29:10 | Create | Villager (Male) |
| 29:15 | Build | Watch Tower |
| 29:21 | Create | Battering Ram |
| 29:30 | Build | Watch Tower |
| 29:33 | Create | Villager (Male) |
| 29:34 | Create | Villager (Male) |
| 29:38 | Build | Palisade Wall |
| 29:40 | Build | Blacksmith |
| 29:48 | Create | Villager (Male) |
| 30:12 | Build | Market |
| 30:39 | Build | Town Center |
| 30:43 | Create | Villager (Male) |
| 30:43 | Create | Villager (Male) |
| 30:46 | Create | Battering Ram |
| 30:46 | Create | Battering Ram |
| 30:53 | Build | House |
| 31:15 | Create | Villager (Male) |
| 31:15 | Create | Villager (Male) |
| 31:22 | Build | House |
| 31:23 | Build | House |
| 31:36 | Create | Battering Ram |
| 32:25 | Build | Stone Wall |
| 32:28 | Build | Stone Wall |
| 32:31 | Build | Stone Wall |
| 32:33 | Build | Watch Tower |
| 32:40 | Create | Villager (Male) |
| 32:40 | Create | Villager (Male) |
Build order — lovelybaby
First 150 of 450 actions detected
| 0:26 | Build | Town Center |
| 1:32 | Build | Dock |
| 1:47 | Build | House |
| 1:58 | Build | Palisade Wall |
| 2:55 | Create | Villager (Male) |
| 2:56 | Create | Villager (Male) |
| 2:56 | Create | Villager (Male) |
| 2:56 | Create | Villager (Male) |
| 3:08 | Research | Loom |
| 3:12 | Create | Villager (Male) |
| 3:13 | Create | Villager (Male) |
| 3:13 | Create | Villager (Male) |
| 3:39 | Build | Palisade Wall |
| 3:43 | Build | Palisade Wall |
| 3:47 | Build | Palisade Wall |
| 4:38 | Create | Villager (Male) |
| 4:39 | Create | Villager (Male) |
| 5:13 | Build | House |
| 5:32 | Create | Villager (Male) |
| 5:32 | Create | Villager (Male) |
| 5:33 | Create | Fishing Ship |
| 6:09 | Create | Villager (Male) |
| 6:19 | Create | Villager (Male) |
| 6:19 | Create | Villager (Male) |
| 6:51 | Build | House |
| 7:00 | Create | Villager (Male) |
| 7:00 | Create | Villager (Male) |
| 7:12 | Create | Fishing Ship |
| 7:26 | Create | Villager (Male) |
| 7:26 | Create | Villager (Male) |
| 7:27 | Create | Villager (Male) |
| 8:03 | Create | Villager (Male) |
| 8:03 | Create | Villager (Male) |
| 8:09 | Create | Fishing Ship |
| 8:16 | Build | House |
| 8:27 | Create | Villager (Male) |
| 8:28 | Create | Villager (Male) |
| 8:48 | Create | Fishing Ship |
| 9:10 | Create | Villager (Male) |
| 9:33 | Create | Villager (Male) |
| 9:34 | Create | Villager (Male) |
| 9:35 | Create | Fishing Ship |
| 9:49 | Create | Villager (Male) |
| 10:08 | Create | Villager (Male) |
| 10:11 | Build | Mill |
| 10:41 | Build | Palisade Wall |
| 10:54 | Build | House |
| 11:21 | Create | Villager (Male) |
| 11:21 | Create | Villager (Male) |
| 11:59 | Research | Feudal Age |
| 12:45 | Build | Lumber Camp |
| 12:59 | Create | Fishing Ship |
| 13:43 | Create | Villager (Male) |
| 13:44 | Create | Villager (Male) |
| 14:44 | Age | Feudal Age |
| 14:47 | Build | Blacksmith |
| 14:50 | Build | Market |
| 14:57 | Build | House |
| 14:59 | Build | Palisade Wall |
| 15:31 | Build | Mining Camp |
| 15:38 | Research | Castle Age |
| 15:38 | Research | Castle Age |
| 15:46 | Research | Double-Bit Axe |
| 15:46 | Research | Double-Bit Axe |
| 16:11 | Research | Gold Mining |
| 16:18 | Build | House |
| 16:20 | Build | House |
| 17:03 | Build | House |
| 17:11 | Build | Palisade Wall |
| 17:16 | Build | Palisade Gate |
| 17:22 | Build | Palisade Wall |
| 17:24 | Build | Palisade Wall |
| 18:12 | Create | Villager (Male) |
| 18:13 | Create | Villager (Male) |
| 18:18 | Age | Castle Age |
| 18:35 | Build | Castle |
| 18:57 | Research | Bow Saw |
| 18:59 | Create | Villager (Male) |
| 19:25 | Create | Villager (Male) |
| 20:20 | Build | Town Center |
| 20:33 | Create | Villager (Male) |
| 20:34 | Create | Conquistador |
| 20:52 | Build | Town Center |
| 21:19 | Build | Palisade Wall |
| 21:22 | Create | Conquistador |
| 21:39 | Create | Conquistador |
| 21:39 | Create | Villager (Male) |
| 21:43 | Create | Villager (Male) |
| 22:29 | Create | Conquistador |
| 22:29 | Create | Villager (Male) |
| 22:31 | Create | Villager (Male) |
| 22:32 | Create | Villager (Male) |
| 22:36 | Research | Horse Collar |
| 22:37 | Research | Horse Collar |
| 22:49 | Create | Conquistador |
| 23:06 | Create | Conquistador |
| 23:07 | Create | Villager (Male) |
| 23:07 | Create | Villager (Male) |
| 23:12 | Build | Farm |
| 23:13 | Build | Farm |
| 23:15 | Build | Farm |
| 23:17 | Build | Farm |
| 23:18 | Create | Villager (Male) |
| 23:20 | Build | Farm |
| 23:21 | Create | Villager (Male) |
| 23:21 | Create | Villager (Male) |
| 23:24 | Build | Farm |
| 23:30 | Create | Conquistador |
| 23:40 | Build | Farm |
| 23:41 | Build | Farm |
| 23:43 | Build | Farm |
| 23:46 | Build | Farm |
| 23:49 | Build | Farm |
| 23:50 | Build | Farm |
| 24:03 | Research | Padded Archer Armor |
| 24:04 | Research | Padded Archer Armor |
| 24:05 | Create | Villager (Male) |
| 24:05 | Create | Villager (Male) |
| 24:08 | Create | Villager (Male) |
| 24:09 | Create | Villager (Male) |
| 24:29 | Create | Conquistador |
| 24:58 | Create | Conquistador |
| 24:58 | Create | Villager (Male) |
| 24:59 | Create | Villager (Male) |
| 24:59 | Create | Villager (Male) |
| 25:03 | Build | Farm |
| 25:05 | Build | Farm |
| 25:09 | Build | Farm |
| 25:16 | Create | Villager (Male) |
| 25:23 | Build | Barracks |
| 25:42 | Create | Villager (Male) |
| 25:42 | Create | Villager (Male) |
| 26:02 | Create | Conquistador |
| 26:02 | Create | Villager (Male) |
| 26:03 | Create | Villager (Male) |
| 26:03 | Create | Villager (Male) |
| 26:18 | Build | Farm |
| 26:19 | Build | Stable |
| 26:33 | Create | Conquistador |
| 26:33 | Create | Villager (Male) |
| 26:34 | Create | Villager (Male) |
| 26:34 | Create | Villager (Male) |
| 26:34 | Create | Villager (Male) |
| 26:34 | Create | Villager (Male) |
| 27:04 | Research | Husbandry |
| 27:04 | Research | Husbandry |
| 27:05 | Research | Bloodlines |
| 27:06 | Create | Villager (Male) |
| 27:08 | Create | Villager (Male) |
| 27:08 | Create | Villager (Male) |
Build order — Vingtor
First 150 of 417 actions detected
| 0:02 | Build | Town Center |
| 0:35 | Build | Dock |
| 0:37 | Build | Palisade Wall |
| 0:39 | Build | Palisade Wall |
| 2:27 | Create | Villager (Male) |
| 2:27 | Create | Villager (Male) |
| 2:27 | Create | Villager (Male) |
| 2:27 | Create | Villager (Male) |
| 2:28 | Create | Villager (Male) |
| 3:38 | Create | Villager (Male) |
| 3:38 | Create | Villager (Male) |
| 3:41 | Create | Fishing Ship |
| 3:41 | Create | Fishing Ship |
| 4:10 | Build | House |
| 4:20 | Create | Villager (Male) |
| 4:51 | Create | Fishing Ship |
| 4:53 | Research | Loom |
| 5:28 | Create | Villager (Male) |
| 5:28 | Create | Villager (Male) |
| 5:34 | Create | Fishing Ship |
| 5:34 | Create | Fishing Ship |
| 5:40 | Create | Villager (Male) |
| 5:40 | Create | Villager (Male) |
| 5:56 | Build | House |
| 6:06 | Create | Villager (Male) |
| 6:06 | Create | Villager (Male) |
| 6:34 | Create | Villager (Male) |
| 6:34 | Create | Villager (Male) |
| 6:36 | Create | Fishing Ship |
| 7:04 | Create | Villager (Male) |
| 7:17 | Create | Villager (Male) |
| 7:17 | Create | Villager (Male) |
| 7:28 | Create | Fishing Ship |
| 7:30 | Build | House |
| 7:54 | Create | Villager (Male) |
| 7:54 | Create | Fishing Ship |
| 8:16 | Create | Villager (Male) |
| 8:28 | Create | Villager (Male) |
| 8:28 | Create | Villager (Male) |
| 8:37 | Build | House |
| 8:44 | Create | Fishing Ship |
| 9:23 | Build | Mill |
| 9:38 | Create | Villager (Male) |
| 9:39 | Create | Fishing Ship |
| 9:53 | Create | Villager (Male) |
| 10:20 | Build | House |
| 10:25 | Create | Villager (Male) |
| 10:36 | Research | Feudal Age |
| 10:39 | Build | Mining Camp |
| 11:12 | Build | Lumber Camp |
| 12:15 | Build | Dock |
| 13:03 | Age | Feudal Age |
| 13:05 | Build | Blacksmith |
| 13:12 | Build | Dock |
| 13:15 | Create | Villager (Male) |
| 13:17 | Create | Galley |
| 13:17 | Create | Galley |
| 13:29 | Build | Palisade Wall |
| 13:35 | Build | House |
| 13:37 | Create | Villager (Male) |
| 13:37 | Create | Villager (Male) |
| 13:49 | Research | Double-Bit Axe |
| 13:49 | Research | Double-Bit Axe |
| 14:03 | Create | Galley |
| 14:03 | Create | Galley |
| 14:11 | Research | Fletching |
| 14:11 | Research | Fletching |
| 14:23 | Create | Galley |
| 14:27 | Create | Fishing Ship |
| 14:30 | Create | Galley |
| 14:31 | Create | Galley |
| 14:33 | Create | Villager (Male) |
| 14:33 | Create | Villager (Male) |
| 14:41 | Create | Villager (Male) |
| 14:41 | Create | Villager (Male) |
| 14:44 | Create | Galley |
| 15:12 | Create | Fire Galley |
| 15:17 | Create | Villager (Male) |
| 15:17 | Create | Villager (Male) |
| 15:47 | Create | Fire Galley |
| 15:47 | Create | Fire Galley |
| 16:03 | Create | Villager (Male) |
| 16:03 | Create | Villager (Male) |
| 16:08 | Research | Gold Mining |
| 16:08 | Research | Gold Mining |
| 16:10 | Build | Market |
| 16:26 | Create | Fire Galley |
| 16:35 | Create | Fire Galley |
| 16:35 | Create | Fire Galley |
| 16:44 | Build | House |
| 16:48 | Build | House |
| 16:51 | Build | House |
| 17:02 | Create | Villager (Male) |
| 17:02 | Create | Villager (Male) |
| 17:34 | Research | Castle Age |
| 17:56 | Research | Tech 906 |
| 17:56 | Research | Tech 906 |
| 19:12 | Create | Galley |
| 19:13 | Create | Galley |
| 19:13 | Create | Galley |
| 19:13 | Create | Galley |
| 19:28 | Create | Galley |
| 19:28 | Create | Galley |
| 20:13 | Create | Galley |
| 20:13 | Create | Galley |
| 20:14 | Create | Villager (Male) |
| 20:14 | Age | Castle Age |
| 20:14 | Create | Villager (Male) |
| 20:22 | Research | War Galley (upgrade) |
| 20:23 | Research | Gillnets |
| 20:27 | Research | Bodkin Arrow |
| 20:33 | Build | Town Center |
| 21:31 | Create | Villager (Male) |
| 21:31 | Create | Villager (Male) |
| 21:31 | Research | Wheelbarrow |
| 21:31 | Research | Wheelbarrow |
| 21:40 | Build | Town Center |
| 21:49 | Create | Fishing Ship |
| 21:49 | Create | Fishing Ship |
| 22:27 | Create | Villager (Male) |
| 22:28 | Create | Villager (Male) |
| 22:28 | Create | Villager (Male) |
| 22:31 | Research | Horse Collar |
| 22:36 | Research | Bow Saw |
| 22:54 | Create | Villager (Male) |
| 22:54 | Create | Villager (Male) |
| 22:54 | Create | Villager (Male) |
| 23:13 | Build | Town Center |
| 23:32 | Research | Town Watch |
| 23:32 | Research | Town Watch |
| 23:36 | Build | Lumber Camp |
| 23:51 | Create | Villager (Male) |
| 23:51 | Create | Villager (Male) |
| 23:51 | Create | Villager (Male) |
| 24:23 | Create | Villager (Male) |
| 24:23 | Create | Villager (Male) |
| 24:23 | Create | Villager (Male) |
| 24:46 | Build | Town Center |
| 24:49 | Create | Villager (Male) |
| 25:30 | Create | Villager (Male) |
| 25:31 | Create | Villager (Male) |
| 25:31 | Create | Villager (Male) |
| 25:46 | Build | University |
| 25:49 | Research | Heavy Plow |
| 25:52 | Create | Villager (Male) |
| 25:52 | Create | Villager (Male) |
| 25:52 | Create | Villager (Male) |
| 26:26 | Create | Villager (Male) |
| 26:26 | Create | Villager (Male) |
| 26:26 | Create | Villager (Male) |
Match timeline
| 0:35 | Vingtor · first_building Dock |
| 0:37 | Vingtor · wall_segment Palisade Wall x1 |
| 0:39 | Vingtor · wall_segment Palisade Wall x1 |
| 0:42 | ila · first_building Dock |
| 0:50 | CSA_HW_Mercer · first_building Dock |
| 0:54 | pNaStY- oG. · first_building Dock |
| 0:58 | Teejay Gatsby · first_building Dock |
| 1:28 | CSA_HW_Mercer · wall_segment Palisade Wall x1 |
| 1:29 | CSA_HW_Mercer · wall_segment Palisade Wall x1 |
| 1:32 | lovelybaby · first_building Dock |
| 1:58 | lovelybaby · wall_segment Palisade Wall x1 |
| 2:09 | Hao_Arg · first_building Dock |
| 3:07 | Andres_bc81 · first_building Dock |
| 3:32 | pNaStY- oG. · wall_segment Palisade Wall x1 |
| 3:39 | lovelybaby · wall_segment Palisade Wall x1 |
| 3:43 | lovelybaby · wall_segment Palisade Wall x1 |
| 3:47 | lovelybaby · wall_segment Palisade Wall x1 |
| 9:45 | pNaStY- oG. · wall_segment Palisade Wall x1 |
| 9:46 | pNaStY- oG. · wall_segment Palisade Wall x1 |
| 9:46 | pNaStY- oG. · wall_segment Palisade Wall x1 |
| 9:47 | pNaStY- oG. · wall_segment Palisade Wall x1 |
| 10:41 | lovelybaby · wall_segment Palisade Wall x1 |
| 11:42 | pNaStY- oG. · wall_segment Palisade Wall x12 |
| 12:22 | pNaStY- oG. · wall_segment Palisade Wall x14 |
| 12:41 | ila · age_up feudal |
| 12:48 | CSA_HW_Mercer · age_up feudal |
| 13:03 | Vingtor · age_up feudal |
| 13:10 | pNaStY- oG. · age_up feudal |
| 13:19 | Hao_Arg · age_up feudal |
| 13:29 | Teejay Gatsby · age_up feudal |
| 13:29 | Vingtor · wall_segment Palisade Wall x1 |
| 14:00 | pNaStY- oG. · wall_segment Palisade Wall x1 |
| 14:30 | Hao_Arg · wall_segment Palisade Wall x5 |
| 14:44 | lovelybaby · age_up feudal |
| 14:59 | lovelybaby · wall_segment Palisade Wall x5 |
| 15:05 | ila · wall_segment Stone Wall x5 |
| 15:08 | pNaStY- oG. · wall_segment Palisade Wall x21 |
| 15:25 | ila · first_market_sell 500 food |
| 15:26 | ila · first_market_buy 500 stone |
| 15:33 | Andres_bc81 · age_up feudal |
| 16:15 | ila · age_up castle |
| 16:42 | ila · first_building Castle |
| 16:52 | Hao_Arg · age_up castle |
| 17:06 | pNaStY- oG. · first_market_sell 100 wood |
| 17:07 | pNaStY- oG. · first_market_buy 100 stone |
| 17:09 | Teejay Gatsby · age_up castle |
| 17:10 | Hao_Arg · first_market_buy 100 stone |
| 17:11 | lovelybaby · wall_segment Palisade Wall x1 |
| 17:11 | pNaStY- oG. · age_up castle |
| 17:16 | Vingtor · first_market_sell 100 wood |
| 17:17 | Hao_Arg · first_building Castle |
| 17:20 | CSA_HW_Mercer · age_up castle |
| 17:22 | lovelybaby · wall_segment Palisade Wall x1 |
| 17:24 | lovelybaby · wall_segment Palisade Wall x1 |
| 17:25 | Teejay Gatsby · first_building Castle |
| 17:42 | pNaStY- oG. · first_building Castle |
| 18:08 | Teejay Gatsby · wall_segment Stone Wall x6 |
| 18:14 | ila · first_building Siege Workshop |
| 18:18 | lovelybaby · age_up castle |
| 18:23 | CSA_HW_Mercer · first_building Castle |
| 18:27 | lovelybaby · first_market_buy 100 stone |
| 18:31 | lovelybaby · first_market_sell 100 food |
| 18:35 | lovelybaby · first_building Castle |
| 18:52 | CSA_HW_Mercer · first_market_buy 100 stone |
| 19:23 | Andres_bc81 · age_up castle |
| 19:29 | Andres_bc81 · first_building Castle |
| 19:57 | Teejay Gatsby · wall_segment Stone Wall x1 |
| 19:58 | Teejay Gatsby · wall_segment Stone Wall x1 |
| 19:58 | Teejay Gatsby · wall_segment Stone Wall x1 |
| 19:59 | Teejay Gatsby · wall_segment Stone Wall x1 |
| 19:59 | Teejay Gatsby · wall_segment Stone Wall x2 |
| 20:00 | Teejay Gatsby · wall_segment Stone Wall x1 |
| 20:01 | Teejay Gatsby · wall_segment Stone Wall x1 |
| 20:01 | Teejay Gatsby · wall_segment Stone Wall x1 |
| 20:02 | Teejay Gatsby · wall_segment Stone Wall x1 |
| 20:14 | Vingtor · age_up castle |
| 20:15 | Teejay Gatsby · wall_segment Palisade Wall x3 |
| 20:16 | Teejay Gatsby · wall_segment Palisade Wall x3 |
| 20:17 | Teejay Gatsby · wall_segment Palisade Wall x3 |
| 20:18 | Teejay Gatsby · wall_segment Palisade Wall x2 |
| 20:29 | Vingtor · first_market_buy 100 wood |
| 21:19 | lovelybaby · wall_segment Palisade Wall x1 |
| 21:50 | Teejay Gatsby · first_market_sell 100 food |
| 22:45 | pNaStY- oG. · first_building Siege Workshop |
| 23:00 | pNaStY- oG. · first_building Barracks |
| 23:28 | Teejay Gatsby · wall_segment Stone Wall x1 |
| 23:30 | Teejay Gatsby · wall_segment Stone Wall x1 |
| 23:33 | Teejay Gatsby · wall_segment Stone Wall x1 |
| 24:54 | CSA_HW_Mercer · first_building Barracks |
| 25:04 | pNaStY- oG. · first_building Stable |
| 25:08 | Teejay Gatsby · first_building Monastery |
| 25:23 | lovelybaby · first_building Barracks |
| 25:48 | Teejay Gatsby · first_building Siege Workshop |
| 25:57 | CSA_HW_Mercer · first_building Stable |
| 26:19 | lovelybaby · first_building Stable |
| 27:52 | CSA_HW_Mercer · first_building Archery Range |
| 28:09 | ila · first_building Barracks |
| 28:38 | CSA_HW_Mercer · first_building Monastery |
| 28:46 | ila · age_up imperial |
| 29:11 | Vingtor · first_building Castle |
| 29:38 | Teejay Gatsby · wall_segment Palisade Wall x1 |
| 29:59 | Vingtor · first_building Barracks |
| 30:33 | CSA_HW_Mercer · first_building Siege Workshop |
| 31:00 | Vingtor · first_building Archery Range |
| 32:06 | Hao_Arg · first_market_sell 100 stone |
| 32:10 | lovelybaby · first_building Monastery |
| 32:25 | Teejay Gatsby · wall_segment Stone Wall x1 |
| 32:28 | Teejay Gatsby · wall_segment Stone Wall x1 |
| 32:31 | Teejay Gatsby · wall_segment Stone Wall x1 |
| 33:28 | Vingtor · age_up imperial |
| 34:09 | Andres_bc81 · first_market_sell 100 food |
| 36:31 | lovelybaby · age_up imperial |
| 36:51 | CSA_HW_Mercer · tribute_sent a jugador 1 |
| 36:51 | CSA_HW_Mercer · tribute_sent a jugador 2 |
| 36:51 | CSA_HW_Mercer · tribute_sent a jugador 3 |
| 36:51 | CSA_HW_Mercer · tribute_sent a jugador 5 |
| 36:51 | CSA_HW_Mercer · tribute_sent a jugador 6 |
| 36:51 | CSA_HW_Mercer · tribute_sent a jugador 7 |
| 36:51 | CSA_HW_Mercer · tribute_sent a jugador 8 |
| 36:52 | pNaStY- oG. · first_building Monastery |
| 37:15 | CSA_HW_Mercer · first_market_sell 100 stone |
| 37:21 | Andres_bc81 · age_up imperial |
| 37:39 | Andres_bc81 · first_market_buy 100 stone |
| 38:09 | lovelybaby · first_building Siege Workshop |
| 38:19 | pNaStY- oG. · wall_segment Stone Wall x3 |
| 38:53 | Teejay Gatsby · first_building Barracks |
| 39:07 | Teejay Gatsby · first_market_buy 100 food |
| 39:09 | Hao_Arg · age_up imperial |
| 40:06 | lovelybaby · first_building Archery Range |
| 40:32 | CSA_HW_Mercer · age_up imperial |
| 42:42 | Teejay Gatsby · age_up imperial |
| 43:20 | Teejay Gatsby · first_building Stable |
| 45:01 | Andres_bc81 · first_building Barracks |
| 45:02 | Teejay Gatsby · first_building Archery Range |
| 45:36 | pNaStY- oG. · age_up imperial |
| 46:54 | Vingtor · tribute_sent a jugador 1 |
| 46:54 | Vingtor · tribute_sent a jugador 2 |
| 46:54 | Vingtor · tribute_sent a jugador 3 |
| 46:54 | Vingtor · tribute_sent a jugador 4 |
| 46:54 | Vingtor · tribute_sent a jugador 5 |
| 46:54 | Vingtor · tribute_sent a jugador 6 |
| 46:54 | Vingtor · tribute_sent a jugador 7 |
| 47:19 | Teejay Gatsby · wall_segment Stone Wall x10 |
| 48:16 | CSA_HW_Mercer · tribute_sent a jugador 1 |
| 48:16 | CSA_HW_Mercer · tribute_sent a jugador 2 |
| 48:16 | CSA_HW_Mercer · tribute_sent a jugador 3 |
| 48:16 | CSA_HW_Mercer · tribute_sent a jugador 5 |
| 48:16 | CSA_HW_Mercer · tribute_sent a jugador 6 |
| 48:16 | CSA_HW_Mercer · tribute_sent a jugador 7 |
| 48:16 | CSA_HW_Mercer · tribute_sent a jugador 8 |
| 48:18 | pNaStY- oG. · tribute_sent a jugador 1 |
| 48:18 | pNaStY- oG. · tribute_sent a jugador 3 |
| 48:18 | pNaStY- oG. · tribute_sent a jugador 4 |
| 48:18 | pNaStY- oG. · tribute_sent a jugador 5 |
| 48:18 | pNaStY- oG. · tribute_sent a jugador 6 |
| 48:18 | pNaStY- oG. · tribute_sent a jugador 7 |
| 48:18 | pNaStY- oG. · tribute_sent a jugador 8 |
| 48:25 | CSA_HW_Mercer · tribute_sent a jugador 1 |
| 48:25 | CSA_HW_Mercer · tribute_sent a jugador 2 |
| 48:25 | CSA_HW_Mercer · tribute_sent a jugador 3 |
| 48:25 | CSA_HW_Mercer · tribute_sent a jugador 5 |
| 48:25 | CSA_HW_Mercer · tribute_sent a jugador 6 |
| 48:25 | CSA_HW_Mercer · tribute_sent a jugador 7 |
| 48:25 | CSA_HW_Mercer · tribute_sent a jugador 8 |
| 51:00 | ila · resign |
[ AI ANALYSIS · 1 CREDIT ]
What really happened in this match?
Wolo.gg analyzes every decision: build order, eco, micro, common mistakes by bracket. Personalized analysis on WhatsApp or Discord in 30 seconds.
Civ guide
Persians
Map guide
Nomad
Perfil
pNaStY- oG.